 Seeded DCSS version 0.29.1-15-g9cfb28693d (webtiles) character file.

Game seed: 18053537605390411477 (custom seed)

29120 bmack86 the Cleaver (level 13, -4/116 HPs)
             Began as a Minotaur Fighter on Mar 2, 2023.
             Was a High Priest of Okawaru.
             Slain by a 16-headed hydra (12 damage)
             ... on level 3 of the Lair of Beasts.
             The game lasted 00:35:38 (17406 turns).

bmack86 the Cleaver (Minotaur Fighter)             Turns: 17406, Time: 00:35:39

Health: -4/116     AC: 32    Str: 26    XL:     13   Next: 13%
Magic:  17/17      EV:  1    Int:  7    God:    Okawaru [*****.]
Gold:   189        SH: 34    Dex: 10    Spells: 12/12 levels left

rFire   . . .      SeeInvis +   Q - +4 broad axe
rCold   . . .      Faith    .   h - +18 shield of the Gong {rElec rN+ Will+ EV-5}
rNeg    + . .      Spirit   .   b - +9 plate armour of Poffima {Int+2}
rPois   +          Reflect  +   g - +2 hat
rElec   +          Harm     .   r - scarf {repulsion}
rCorr   .          Rampage  .   q - +2 pair of gloves
Will    +....                   D - +1 pair of boots
Stlth   ..........              z - amulet of reflection
HPRegen 0.29/turn               O - ring of poison resistance
MPRegen 0.15/turn               u - ring of see invisible

@: studying Maces & Flails, repel missiles
A: horns 2, retaliatory headbutt
a: Renounce Religion, Heroism, Finesse, Duel


You were on level 3 of the Lair of Beasts.
You worshipped Okawaru.
Okawaru was extremely pleased with you.
You visited 3 branches of the dungeon, and saw 15 of its levels.

You collected 1028 gold pieces.
You spent 839 gold pieces at shops.

Inventory:

Hand Weapons
 A - the +3 war axe of Loowaese {vorpal, rN+ Will+ Dex+5}
   (You found it on level 4 of the Dungeon)

   It inflicts extra damage upon your enemies.
   Dex:       It affects your dexterity (+5).
   rN:        It protects you from negative energy.
   Will:      It increases your willpower.
 E - the +9 hand axe of Joyleq {freeze, rC+ rCorr Stlth+}
   (You found it on level 6 of the Dungeon)

   It freezes those it strikes, dealing additional cold damage.
   It can also slow down cold-blooded creatures.
   rC:        It protects you from cold.
   rCorr:     It protects you from acid and corrosion.
   Stlth:     It makes you more stealthy.
 Q - a +4 broad axe (weapon)
Missiles
 e - 2 javelins
 s - 6 boomerangs (quivered)
 C - 6 silver javelins
 J - 7 atropa-tipped darts
 P - a throwing net
Armour
 b - the +9 plate armour of Poffima (worn) {Int+2}
   (You bought it in a shop on level 6 of the Dungeon)

   Int:       It affects your intelligence (+2).
 c - a +0 buckler
 g - a +2 hat (worn)
 h - the +18 shield of the Gong (worn) {rElec rN+ Will+ EV-5}
   (You found it on level 2 of the Lair of Beasts)

   It is deafeningly noisy when blocking attacks.
   EV:        It affects your evasion (-5).
   rElec:     It insulates you from electricity.
   rN:        It protects you from negative energy.
   Will:      It increases your willpower.
 q - a +2 pair of gloves (worn)
 r - a scarf of repulsion (worn)
 y - a +0 chain mail of cold resistance
 D - a +1 pair of boots (worn)
 K - a +0 cloak
 S - a +0 plate armour
Jewellery
 a - a ring of positive energy
 f - a ring of protection from cold
 u - a ring of see invisible (right hand)
 z - an amulet of reflection (around neck)
 L - a ring of wizardry
 O - a ring of poison resistance (left hand)
Wands
 o - a wand of roots (3)
 t - a wand of acid (5)
 v - a wand of polymorph (6)
 x - a wand of digging (12)
 N - a wand of flame (9)
 R - a wand of mindburst (4)
Scrolls
 p - 5 scrolls of teleportation
 B - 2 scrolls of fear
 F - a scroll of enchant weapon
 I - 2 scrolls of vulnerability
 M - 2 scrolls of blinking
Potions
 d - 4 potions of might
 i - 5 potions of brilliance
 j - 3 potions of berserk rage
 k - a potion of flight
 l - 2 potions of haste
 m - 5 potions of heal wounds
 n - 5 potions of curing
 w - 2 potions of ambrosia
 G - a potion of resistance


   Skills:
 + Level 11.1 Fighting
 * Level 14.9 Axes
 + Level 7.8 Throwing
 + Level 11.2 Armour
 + Level 11.3 Shields
 + Level 7.9 Invocations


You had 12 spell levels left.
You didn't know any spells.
Your spell library contained the following spells:

 Spells                   Type           Power      Damage    Failure   Level
 Portal Projectile        Hex/Tloc       0%         N/A       100%        3
 Blade Hands              Tmut           0%         N/A       100%        5
 Tukima's Dance           Hex            Unusable   N/A       N/A         3

Dungeon Overview and Level Annotations

Branches:
Dungeon (11/15)            Temple (1/1) D:4            Lair (3/5) D:8
  Snake (0/4) Lair:2          Orc (0/2) D:10
  Swamp: Lair:2-3    Shoals: Lair:2-3

Altars:
Ashenzari
Cheibriados
Dithmenos
Elyvilon
Gozag
Kikubaaqudgha
Nemelex Xobeh
Okawaru
Ru
Trog
Uskayaw
Wu Jian
Xom
Zin
The Shining One

Shops:
D:1 =!=   D:6 [   D:8 !   D:10 :(

Annotations:
D:8 2 transporters, Smoke131's ghost, novice TrGl


Innate Abilities, Weirdness & Mutations

You have a pair of horns on your head.
You reflexively headbutt those who attack you in melee.


Message History

You hear a deafening roar!
You hear an angry hiss.
You chop one of the 14-headed hydra's heads off!
The 13-headed hydra grows two more!
You slash the 15-headed hydra!
The 15-headed hydra is lightly wounded.
You slash the swamp worm! You block the 15-headed hydra's attack.
BONNNG!
You block the 15-headed hydra's attack.
SHROANNG!
The 15-headed hydra bites you.
* * * LOW HITPOINT WARNING * * *
You block the 15-headed hydra's attack.
GONNNNG!
The 15-headed hydra bites you but does no damage. x3
The 15-headed hydra barely misses you. You block the 15-headed hydra's attack.
BOUMMMMG!
The 15-headed hydra bites you but does no damage.
The 15-headed hydra completely misses you.
The 15-headed hydra bites you but does no damage.
The 15-headed hydra bites you!
* * * LOW HITPOINT WARNING * * *
You block the 15-headed hydra's attack.
BOUMMMMG!
The 15-headed hydra bites you but does no damage.
You hear a roar!
You chop one of the 15-headed hydra's heads off!
The 14-headed hydra grows two more!
You slice the 16-headed hydra!! You headbutt the 16-headed hydra!
The 16-headed hydra is severely wounded.
You hit the swamp worm.
You feel like a meek peon again. You block the swamp worm's attack.
BOUMMMMG!
You block the 16-headed hydra's attack.
BOUMMMMG!
The 16-headed hydra bites you!
* * * LOW HITPOINT WARNING * * *
You block the 16-headed hydra's attack.
PANG!
The 16-headed hydra bites you!
You die...

~<.......########.....+
≈.....†††.....#.#.....)
~≈....†).†......'.....#
~~.......########.....#
~S.......# #P.....#
.......††# #......#
..#......# #.##.#.# #
####.w†### ##.#.###
#.@D...# ##..P#
#..##...# ##.## #....
...# #..# ..........#
##.# ............# #.#
#.#..........P #.### #
###.........# ####..P#
#......?.. #...>...
..##...#


You could see a 16-headed hydra and a swamp worm.

Vanquished Creatures
  Gastronok (Lair:3)
  Harold (D:10)
  A boulder beetle (D:11)
  2 hydras (Lair:2)
  A centaur warrior (D:10)
  3 two-headed ogres
  A fire crab (Lair:2)
  Nergalle (D:10)
  Pikel (D:4)
  An ugly thing (D:11)
  2 black mambas
  Maurice (D:8)
  A guardian serpent (Lair:2)
  A torpor snail (Lair:2)
  8 cane toads
  3 rime drakes
  7 komodo dragons
  An unseen horror (D:11)
  A slime creature (D:7)
  A troll (D:7)
  5 blink frogs (Lair:2)
  A shadow (D:11)
  9 wyverns
  3 basilisks
  32 yaks
  3 steam dragons
  Edmund (D:4)
  2 acid dragons (D:11)
  12 water moccasins
  4 ice beasts
  4 orc warriors
  3 black bears
  An ogre (D:7)
  4 wolves (Lair:1)
  3 centaurs
  A kobold brigand (D:9)
  15 bullfrogs
  A gnoll sergeant (D:10)
  A necrophage (D:7)
  A scorpion (D:8)
  2 wights (D:7)
  12 killer bees (D:9)
  A vampire bat (D:4)
  A howler monkey (D:5)
  3 electric eels (Lair:1)
  A centaur zombie (D:7)
  2 jellies
  3 bullfrog zombies (D:7)
  2 hounds
  7 orc priests
  2 iguanas
  11 orc wizards
  7 hell rats (Lair:3)
  A killer bee zombie (D:7)
  A howler monkey zombie (D:7)
  Robin (D:4)
  6 gnolls
  7 adders
  9 bats (D:4)
  An ufetubus (D:6)
  2 worms
  A dart slug (D:2)
  3 fire bats (D:4)
  49 orcs
  2 spectral bats (D:4)
  3 bat skeletons (D:4)
  A bat zombie (D:4)
  8 endoplasms
  3 giant cockroaches
  7 goblins
  6 hobgoblins
  A quokka (D:5)
  6 ball pythons
  A bat simulacrum (D:4)
  2 frilled lizards
  11 kobolds
  7 rats
338 creatures vanquished.

Vanquished Creatures (others)
  A black bear (D:8)
  A bush (Lair:3)
  26 fungi
  105 plants
  5 withered plants (D:7)
138 creatures vanquished.

Grand Total: 476 creatures vanquished

Notes
Turn   | Place    | Note
-------+----------+-------------------------------------------
     0 | D:1      | bmack86 the Minotaur Fighter began the quest for the Orb.
     0 | D:1      | Reached XP level 1. HP: 19/19 MP: 0/0
    50 | D:1      | Found Mugenye's Jewellery Boutique.
   265 | D:1      | Found Bangin's Jewellery Shop.
   760 | D:1      | Found Yheup's Distillery.
   791 | D:1      | Reached XP level 2. HP: 27/27 MP: 1/1
  1308 | D:2      | Reached skill level 3 in Axes
  1991 | D:3      | Reached XP level 3. HP: 19/33 MP: 2/2
  2357 | D:3      | Found the +9 heavy crossbow "Sniper" {vorpal, Acc+∞ SInv}
  2456 | D:3      | Reached XP level 4. HP: 19/40 MP: 3/3
  2472 | D:3      | Reached skill level 4 in Axes
  3466 | D:4      | Reached XP level 5. HP: 47/47 MP: 4/4
  3519 | D:4      | Reached skill level 5 in Axes
  3618 | D:4      | Noticed a lemure
  3618 | D:4      | Noticed Pikel
  3618 | D:4      | Noticed a lemure
  3621 | D:4      | Noticed a lemure
  3630 | D:4      | Killed Pikel
  3631 | D:4      | Reached skill level 5 in Fighting
  3631 | D:4      | Reached skill level 6 in Axes
  3631 | D:4      | Reached skill level 5 in Armour
  3631 | D:4      | Reached skill level 5 in Shields
  3631 | D:4      | Reached XP level 6. HP: 33/56 MP: 5/5
  3631 | D:4      | Reached XP level 7. HP: 36/61 MP: 6/6
  3976 | D:4      | Noticed Robin
  3985 | D:4      | Killed Robin
  4009 | D:4      | Found a staircase to the Ecumenical Temple.
  4009 | D:4      | Noticed Edmund
  4019 | D:4      | Killed Edmund
  4020 | D:4      | Reached skill level 7 in Axes
  4026 | Temple   | Entered the Ecumenical Temple
  4050 | Temple   | Became a worshipper of Warmaster Okawaru
  4349 | D:4      | Noticed a moth of wrath
  4353 | D:4      | Found a bloodstained altar of Trog.
  4380 | D:4      | Identified the +3 war axe of Loowaese {vorpal, rN+ Will+
                  | Dex+5}
  4529 | D:5      | Entered Level 5 of the Dungeon
  4896 | D:5      | Reached XP level 8. HP: 69/70 MP: 7/7
  4929 | D:5      | Reached skill level 1 in Invocations
  4953 | D:5      | Reached skill level 1 in Throwing
  5231 | D:5      | Reached * piety under Okawaru
  5232 | D:5      | Reached skill level 8 in Axes
  5464 | D:6      | Found Fuck's Antique Armour Shoppe.
  5674 | D:6      | Found a glowing silver altar of Zin.
  5769 | D:6      | Reached ** piety under Okawaru
  5774 | D:6      | Reached XP level 9. HP: 42/78 MP: 8/10
  5948 | D:6      | Identified the +9 hand axe of Joyleq {freeze, rC+ rCorr
                  | Stlth+}
  6572 | D:7      | Noticed a komodo dragon
  6580 | D:7      | Killed a komodo dragon
  6581 | D:7      | Reached skill level 9 in Axes
  6595 | D:7      | Noticed a troll
  6610 | D:7      | Killed a troll
  6610 | D:7      | Reached *** piety under Okawaru
  6939 | D:7      | Reached skill level 10 in Axes
  7232 | D:7      | Reached XP level 10. HP: 68/88 MP: 12/12
  7590 | D:7      | Reached **** piety under Okawaru
  7774 | D:8      | Found a transporter.
  7774 | D:8      | Noticed Smoke131's ghost (novice TrGl)
  7776 | D:8      | Noticed a centaur warrior
  7778 | D:8      | Noticed a skeletal warrior
  7781 | D:8      | Found a transporter.
  7807 | D:8      | Found a staircase to the Lair.
  7824 | D:8      | Received a gift from Okawaru
  8403 | D:8      | Noticed Maurice
  8417 | D:8      | Killed Maurice
  8417 | D:8      | Reached ***** piety under Okawaru
  8418 | D:8      | Reached skill level 11 in Axes
  8433 | D:8      | Found Maument's Distillery.
  8450 | D:8      | Bought a potion of heal wounds for 55 gold pieces
  8452 | D:8      | Identified the +7 trident "Viwn" {freeze, rPois rF- rC+
                  | Str+7}
  8494 | D:8      | Identified the +1 ring mail of Peifoap {rCorr Dex+4}
  8607 | D:8      | Reached skill level 5 in Invocations
  9117 | D:9      | Noticed a two-headed ogre
  9117 | D:9      | Noticed a two-headed ogre
  9126 | D:9      | Killed a two-headed ogre
  9126 | D:9      | Received a gift from Okawaru
  9127 | D:9      | Reached skill level 5 in Throwing
  9130 | D:9      | Killed a two-headed ogre
  9220 | D:9      | Found a shadowy altar of Dithmenos.
  9615 | D:9      | Reached XP level 11. HP: 73/95 MP: 14/14
  9954 | D:9      | Found a broken altar of Ashenzari.
 10393 | D:10     | Entered Level 10 of the Dungeon
 10393 | D:10     | Noticed Harold
 10402 | D:10     | Killed Harold
 10461 | D:10     | Noticed Nergalle
 10477 | D:10     | Killed Nergalle
 10477 | D:10     | Received a gift from Okawaru
 10478 | D:10     | Reached skill level 12 in Axes
 10487 | D:10     | Found Heexkod's Weapon Shoppe.
 10513 | D:10     | Found a staircase to the Orcish Mines.
 11096 | D:10     | Noticed a centaur warrior
 11107 | D:10     | Killed a centaur warrior
 11301 | D:10     | Found Tintahal's Book Boutique.
 11586 | D:11     | Noticed a brown ugly thing
 11601 | D:11     | Killed a brown ugly thing
 11850 | D:11     | Noticed a two-headed ogre
 11860 | D:11     | Killed a two-headed ogre
 12181 | D:11     | Received a gift from Okawaru
 12486 | D:11     | Noticed a boulder beetle
 12501 | D:11     | Killed a boulder beetle
 12501 | D:11     | Received a gift from Okawaru
 12502 | D:11     | Reached skill level 13 in Axes
 12907 | Lair:1   | Entered Level 1 of the Lair of Beasts
 13039 | Lair:1   | Received a gift from Okawaru
 13040 | Lair:1   | Reached skill level 10 in Shields
 13053 | Lair:1   | Reached skill level 10 in Fighting
 13578 | Lair:1   | Reached skill level 10 in Armour
 13582 | Lair:1   | Reached XP level 12. HP: 77/106 MP: 15/15
 13592 | Lair:1   | Received a gift from Okawaru
 14844 | D:6      | Bought an amber-encrusted plate armour for 784 gold pieces
 14844 | D:6      | Identified the +9 plate armour of Poffima {Int+2} (You
                  | bought it in a shop on level 6 of the Dungeon)
 14955 | Lair:2   | Noticed a four-headed hydra
 14973 | Lair:2   | Killed a 15-headed hydra
 15147 | Lair:2   | Found a staircase to the Snake Pit.
 15662 | Lair:2   | Received a gift from Okawaru
 16011 | Lair:2   | Reached skill level 14 in Axes
 16111 | Lair:2   | Noticed an eight-headed hydra
 16126 | Lair:2   | Killed a 13-headed hydra
 16146 | Lair:2   | HP: 1/108 [something (23)]
 16554 | Lair:2   | Found the +18 shield of the Gong {rElec rN+ Will+ EV-5}
 16940 | Lair:2   | Identified the +1 morningstar of Osinus {pain, Int+2}
 17055 | Lair:3   | Noticed Gastronok
 17071 | Lair:3   | Killed Gastronok
 17371 | Lair:3   | Received a gift from Okawaru
 17372 | Lair:3   | Reached XP level 13. HP: 96/116 MP: 14/17
 17406 | Lair:3   | Slain by a 16-headed hydra

Illustrated notes

Levels and vault maps discovered:
D:1:      ncdulo_watergridlock, layout_basic, serial_forest,
          infiniplex_forest_end_3, infiniplex_forest_lined_room_,
          infiniplex_forest_clump_medium, infiniplex_forest_zigzag_2,
          infiniplex_forest_straight_3, infiniplex_forest_clump_tiny,
          serial_shops, nicolae_shop_statue_plus, shop_fountains, shop
D:2:      layout_basic, minmay_pentomino_pile
D:3:      layout_loops_corners
D:4:      layout_loops_ring, tgw_trog, minmay_temple_entry_hall, goddamned_bats,
          uniq_pikel, uniq_robin, uniq_edmund
D:5:      layout_loops_ring, kennysheep_boxes
D:6:      layout_basic, general_overflow_altar, nicolae_overflow_hidden_temple,
          serial_shops, shop
D:7:      layout_loops_ring, serial_undead, serial_undead_f, serial_undead_f,
          serial_undead_a, serial_undead_b, minmay_manual_mess
D:8:      layout_basic, due_lair_maze_entry_diamond, serial_shops,
          nicolae_shop_stone, gammafunk_ghost_arena, minmay_tree_intersection,
          uniq_maurice
D:9:      layout_cave_pods, nicolae_dithmenos_through_a_glass_darkly,
          nicolae_ashenzari_skybound
D:10:     layout_grid_maze, orc_david_3, serial_shops, shop, uniq_nergalle,
          uniq_harold
D:11:     layout_rooms
Temple:   eino_narrow_crystal_temple
Lair:1:   layout_chaotic_city, disabler_island, lemuel_fruit_tree
Lair:2:   nzn_winding_woodlands_medium [nzn_winding_woodlands_5x5_open_star,
          nzn_winding_woodlands_5x15_twine, nzn_winding_woodlands_5x5_default,
          nzn_winding_woodlands_5x5_cross,
          nzn_winding_woodlands_center_triple_pond,
          nzn_winding_woodlands_5x5_perimeter,
          nzn_winding_woodlands_5x5_closed_star,
          nzn_winding_woodlands_5x15_cabin,
          nzn_winding_woodlands_5x5_checkerboard], layout_regular_city,
          minmay_snake_entry_spellcaster
Lair:3:   layout_roguey [special_room_mythical_zoo], palyth_hydra_swamp_entry,
          infiniplex_staircase_pool, uniq_gastronok

Skill      XL: |  1  2  3  4  5  6  7  8  9 10 11 12 |
---------------+-------------------------------------+-----
Axes           | 3 4 6 7 8 10 11 13 14 | 14.9
Fighting       | 4 5 6 7 8 10 11 | 11.1
Armour         | 4 5 6 7 8 10 11 | 11.2
Shields        | 4 5 6 7 8 10 11 | 11.3
Invocations    | 2 4 5 6 7 |  7.9
Throwing       | 2 4 5 6 7 |  7.8

Action                   |  1- 3 |  4- 6 |  7- 9 | 10-12 | 13-15 || total
-------------------------+-------+-------+-------+-------+-------++-------
Melee: War axe           |    64 |       |   160 |   145 |       ||   369
       Headbutt          |    11 |    10 |    36 |   107 |     8 ||   172
       Hand axe          |     8 |    72 |    38 |       |       ||   118
       Broad axe         |       |       |       |   371 |    26 ||   397
Throw: Boomerang         |       |       |       |     8 |       ||     8
Invok: Heroism           |       |       |     2 |    12 |       ||    14
       Finesse           |       |       |       |     4 |       ||     4
Evoke: Wand              |       |       |     1 |     1 |       ||     2
  Use: Scroll            |     4 |     3 |     4 |    20 |       ||    31
       Potion            |       |       |       |     2 |       ||     2
Armor: Chain mail        |    34 |    72 |   109 |   101 |       ||   316
       Scale mail        |     7 |       |       |       |       ||     7
       Plate armour      |       |       |       |   233 |    47 ||   280
Dodge: Dodged            |    29 |    37 |    64 |   147 |    11 ||   288
Block: Buckler           |    13 |    24 |    98 |   289 |       ||   424
       Reflection        |       |       |     2 |    15 |     1 ||    18
       Kite shield       |       |       |       |    90 |    68 ||   158
